 Dungeon Crawl Stone Soup version 0.30.0-5-g1a98f26d00 (webtiles) character file.

Game seed: 14671921093012229544

30711 selver the Grappler (level 13, -7/137 HPs)
             Began as a Troll Monk on May 12, 2023.
             Was a High Priest of Trog.
             Mangled by an eight-headed hydra (12 damage)
             ... on level 3 of the Lair of Beasts.
             The game lasted 00:36:51 (11499 turns).

selver the Grappler (Troll Monk)                   Turns: 11499, Time: 00:36:52

Health: -7/137     AC: 12    Str: 26    XL:     13   Next: 22%
Magic:  12/12      EV: 21    Int:  6    God:    Trog [*****.]
Gold:   903        SH:  0    Dex: 12    Spells: 12/12 levels left

rFire   + .          .
                       - Unarmed
rCold   + . .        c - orb {light}
rNeg    . . .        I - +0 troll leather armour
rPois   .            (helmet restricted)
rElec   .            y - scarf {rC+ rF+}
rCorr   .            (gloves unavailable)
SInv    .            (boots unavailable)
Will    .....        (no amulet) Stlth
                     l - +4 ring of protection
HPRegen 2.02/turn    J - ring of the Hare {EV+10}
MPRegen 0.13/turn

%: no passive effects
@: confused, lethally poisoned (-7 -> -7), ambrosia-drunk, on berserk cooldown,
slowed, glowing, very slow
A: large, unfitting armour, claws 3, regeneration 1, shaggy fur 1, tough skin 1
a: Renounce Religion, Berserk, Trog's Hand, Brothers in Arms


You were on level 3 of the Lair of Beasts.
You worshipped Trog.
Trog was extremely pleased with you.
You visited 3 branches of the dungeon, and saw 16 of its levels.
You also visited: Gauntlet.

You collected 903 gold pieces.

Inventory:

Missiles
 i - 4 throwing nets (quivered)
 p - 26 poisoned darts
 D - 3 atropa-tipped darts
 K - 3 silver javelins
Armour
 a - a +0 robe
 c - an orb of light (worn)
 y - a scarf of resistance (worn)
 H - +0 steam dragon scales
 I - a +0 troll leather armour (worn)
Jewellery
 e - a ring of magical power
 j - a ring of magical power
 l - a +4 ring of protection (left claw)
 s - an amulet of faith
 z - an amulet of magic regeneration
 J - the ring of the Hare (right claw) {EV+10}
   (You found it in a Gauntlet)

   [ring of evasion]

   EV:        It affects your evasion (+10).
 S - a +6 ring of strength
Wands
 v - a wand of iceblast (22)
 w - a wand of flame (56)
 E - a wand of charming (15)
 M - a wand of acid (3)
 N - a wand of mindburst (5)
Scrolls
 h - 2 scrolls of fear
 n - 2 scrolls of enchant armour
 o - 7 scrolls of teleportation
 q - a scroll of torment
 t - 4 scrolls of fog
 u - a scroll of silence
 x - a scroll of amnesia
 A - 7 scrolls of magic mapping
 C - a scroll of vulnerability {unknown}
 L - 3 scrolls of identify
 O - 3 scrolls of poison
Potions
 b - 2 potions of ambrosia
 d - 9 potions of curing
 f - a potion of invisibility {unknown}
 g - 6 potions of lignification
 k - 5 potions of attraction
 m - 2 potions of mutation
 r - 2 potions of flight
 B - a potion of resistance
 G - a potion of cancellation
 P - 3 potions of haste
 Q - 2 potions of might {unknown}
 R - a potion of brilliance {unknown}


   Skills:
 - Level 11.0 Fighting
 - Level 11.0 Armour
 + Level 5.5 Dodging
 - Level 13.1 Unarmed Combat


You had 12 spell levels left.
You didn't know any spells.
Your spell library contained the following spells:

 Spells                   Type           Power      Damage    Failure   Level
 Sandblast                Erth           0%         2d4       50%         1
 Passwall                 Tmut/Erth      0%         N/A       63%         2
 Ozocubu's Armour         Ice            0%         N/A       86%         3
 Stone Arrow              Conj/Erth      0%         3d7       86%         3
 Anguish                  Hex/Necr       0%         N/A       99%         4
 Cause Fear               Hex            0%         N/A       99%         4
 Metabolic Englaciation   Hex/Ice        0%         N/A       100%        5
 Simulacrum               Ice/Necr       0%         N/A       100%        6
 Dragon Form              Tmut           0%         N/A       100%        7
 Enfeeble                 Hex            0%         N/A       100%        7
 Dragon's Call            Summ           0%         N/A       100%        9


Dungeon Overview and Level Annotations

Branches:
Dungeon (11/15)            Temple (1/1) D:7            Lair (4/5) D:10
  Swamp (0/4) Lair:3        Snake (0/4) Lair:2      Gauntlet (visited)
  Slime: Lair:4-5       Orc: D:9-12

Altars:
Ashenzari
Cheibriados
Dithmenos
Elyvilon
Fedhas
Gozag
Hepliaklqana
Kikubaaqudgha
Makhleb
Nemelex Xobeh
Okawaru
Qazlal
Ru
Sif Muna
Trog
Uskayaw
Vehumet
Wu Jian
Xom
Yredelemnul
Zin
The Shining One

Shops:
D:5 *   D:9 :   D:10 :

Annotations:
D:2 1 runed translucent door, Crazy Yiuf
D:4 2 runed translucent doors, hattop's ghost, amateur SpTm
D:9 Pikel
Lair:3 exclusion: ice statue
Lair:4 Nessos


Innate Abilities, Weirdness & Mutations

You are too large for most types of armour.
You have claws for hands.
Your natural rate of healing is unusually fast.
You are covered in fur. (AC +1)
You have tough skin. (AC +1)


Message History

You feel much better.
You feel sick. The eight-headed hydra bites you!
* * * LOW HITPOINT WARNING * * *
The eight-headed hydra bites you.
* * * LOW HITPOINT WARNING * * *
The eight-headed hydra barely misses you.
The eight-headed hydra bites you.
* * * LOW HITPOINT WARNING * * *
The eight-headed hydra completely misses you.
The eight-headed hydra bites you.
* * * LOW HITPOINT WARNING * * *
The eight-headed hydra bites you but does no damage. x2
The eight-headed hydra barely misses you.
The eight-headed hydra bites you.
* * * LOW HITPOINT WARNING * * *
The eight-headed hydra barely misses you.
The eight-headed hydra bites you.
* * * LOW HITPOINT WARNING * * *
The eight-headed hydra bites you but does no damage.
The eight-headed hydra bites you.
* * * LOW HITPOINT WARNING * * *
The eight-headed hydra completely misses you.
The eight-headed hydra misses you.
You are confused.
You feel invigorated.
You feel sick.
The eight-headed hydra bites you but does no damage.
The eight-headed hydra closely misses you.
The eight-headed hydra barely misses you.
The eight-headed hydra bites you.
* * * LOW HITPOINT WARNING * * *
The eight-headed hydra completely misses you.
The eight-headed hydra closely misses you.
The eight-headed hydra bites you but does no damage.
The eight-headed hydra barely misses you.
You bump into the rock wall.
You feel sick. The eight-headed hydra misses you.
The eight-headed hydra closely misses you.
The eight-headed hydra bites you but does no damage. x2
The eight-headed hydra bites you!
* * * LOW HITPOINT WARNING * * *
The eight-headed hydra bites you!
You die...

.#.....###.##.#......#.###.##....
#......P########..........###....
.......#######P#.................
.................................
.................................
P...................#.###+###PP..
##......#..####P.#...####..#P.P..
##.....###.####.#..#.#.P.###P.P.
###.....#.......@...P.....##.....
##......##.....D##.....Y..##.....
##......##..........###...##P...รท
'.......#...)....#..# #...##.....
##..)...##.......#..####..##.....
###......#.......#..##P.#...P....
##....P.#####..##...............
##.......#P#..#.P#...............
........[P.......................


You could see an eight-headed hydra and an elephant (fleeing).

Vanquished Creatures
  Rupert (Lair:4)
  A minotaur (Gauntlet)
  A catoblepas (Lair:3)
  A two-headed ogre (D:8)
  A tengu warrior (Gauntlet)
  Erica (D:8)
  Nergalle (Lair:3)
  A skyshark (Lair:3)
  Amaemon (D:8)
  A lindwurm (Lair:4)
  An oklob plant (Gauntlet)
  A necromancer (Gauntlet)
  3 black mambas
  A gargoyle (Gauntlet)
  6 cane toads
  An orange demon (D:8)
  Maggie (D:8)
  A tengu conjurer (Gauntlet)
  A rime drake (D:10)
  Psyche (D:8)
  5 komodo dragons
  2 trolls
  5 polar bears
  Prince Ribbit (D:6)
  9 blink frogs
  Sigmund (D:6)
  A wraith (D:10)
  A wyvern (D:10)
  27 yaks
  A vampire (D:9)
  2 basilisks (Lair:1)
  A steam dragon (D:8)
  5 vampire mosquitoes (Lair:3)
  Menkaure (D:7)
  3 nagas (Lair:2)
  12 water moccasins
  Duvessa (D:7)
  3 acid dragons
  An orc warrior (D:6)
  A sky beast (D:8)
  13 ice beasts
  Pargi (D:3)
  A black bear (D:4)
  An ogre (D:5)
  20 wolves
  4 centaurs
  3 lemures (D:8)
  A kobold brigand (D:7)
  14 bullfrogs
  4 scorpions
  21 wights
  Dowan (D:7)
  11 killer bees
  An electric eel (Lair:2)
  3 jellies
  A gnoll bouda (D:6)
  3 orc priests
  A sleepcap (D:6)
  Jessica (D:2)
  An iguana (D:6)
  An orc wizard (D:6)
  Natasha (thrice) (D:2)
  17 gnolls
  7 adders
  A shadow imp (D:6)
  3 white imps
  2 ufetubi
  3 worms
  A dart slug (D:1)
  20 orcs
  6 bats
  7 endoplasms
  3 giant cockroaches
  4 goblins
  7 hobgoblins
  7 jackals
  4 quokkas
  3 ball pythons (D:1)
  4 frilled lizards
  10 kobolds
  8 rats
337 creatures vanquished.

Vanquished Creatures (others)
  A yak (Lair:4)
1 creature vanquished.

Grand Total: 338 creatures vanquished

Notes
Turn   | Place    | Note
-------+----------+-------------------------------------------
     0 | D:1      | selver the Troll Monk began the quest for the Orb.
     0 | D:1      | Reached XP level 1. HP: 22/22 MP: 0/0
    78 | D:1      | Reached XP level 2. HP: 29/29 MP: 1/1
   126 | D:1      | Reached skill level 4 in Unarmed Combat
   254 | D:1      | Reached XP level 3. HP: 36/36 MP: 2/2
   536 | D:2      | Noticed Jessica
   541 | D:2      | Found a faded altar of an unknown god.
   544 | D:2      | Killed Jessica
   545 | D:2      | Reached XP level 4. HP: 43/44 MP: 3/3
   602 | D:2      | Noticed Natasha
   605 | D:2      | Killed Natasha
   606 | D:2      | Reached skill level 5 in Unarmed Combat
   709 | D:2      | Noticed Natasha
   714 | D:2      | Killed Natasha
   915 | D:2      | Noticed Natasha
   918 | D:2      | Killed Natasha
   919 | D:2      | Reached XP level 5. HP: 50/50 MP: 4/4
  1092 | D:2      | Found a runed translucent door.
  1093 | D:2      | Noticed Crazy Yiuf
  1315 | D:3      | Reached skill level 6 in Unarmed Combat
  1316 | D:3      | Noticed Pargi
  1335 | D:3      | Killed Pargi
  1336 | D:3      | Reached skill level 7 in Unarmed Combat
  1336 | D:3      | Reached XP level 6. HP: 50/59 MP: 5/5
  1392 | D:3      | Found a sparkling altar of Nemelex Xobeh.
  1529 | D:3      | Found an ancient bone altar of Kikubaaqudgha.
  2192 | D:4      | Reached skill level 8 in Unarmed Combat
  2257 | D:4      | Found a runed translucent door.
  2258 | D:4      | Noticed hattop's ghost (amateur SpTm)
  2303 | D:4      | Reached XP level 7. HP: 66/66 MP: 6/6
  2643 | D:4      | Found a runed translucent door.
  2714 | D:5      | Entered Level 5 of the Dungeon
  3261 | D:5      | Reached skill level 9 in Unarmed Combat
  3426 | D:5      | Found Lont's General Store.
  3439 | D:5      | Reached XP level 8. HP: 66/74 MP: 7/7
  3587 | D:6      | Reached skill level 10 in Unarmed Combat
  3733 | D:6      | Found a glowing silver altar of Zin.
  3762 | D:6      | Noticed Sigmund
  3776 | D:6      | Killed Sigmund
  3899 | D:6      | Reached skill level 11 in Unarmed Combat
  3916 | D:6      | Noticed Prince Ribbit
  3935 | D:6      | Killed Prince Ribbit
  4232 | D:6      | Found a sacrificial altar of Ru.
  4357 | D:6      | Reached skill level 12 in Unarmed Combat
  4363 | D:6      | HP: 2/64 [wight/+3 hand axe of freezing (2)]
  4382 | D:6      | Reached XP level 9. HP: 30/65 MP: 8/8
  4855 | D:7      | Reached skill level 13 in Unarmed Combat
  4988 | D:7      | Found a staircase to the Ecumenical Temple.
  4995 | Temple   | Entered the Ecumenical Temple
  5189 | Temple   | Became a worshipper of Trog the Wrathful
  5189 | Temple   | Reached * piety under Trog
  5189 | Temple   | Reached ** piety under Trog
  5264 | D:7      | Noticed Dowan
  5271 | D:7      | Noticed Menkaure
  5273 | D:7      | Noticed Duvessa
  5441 | D:7      | Found a basalt altar of Yredelemnul.
  5441 | D:7      | Found a hazy altar of Hepliaklqana.
  5442 | D:7      | Found a hide-covered altar of Uskayaw.
  5463 | D:7      | Killed Menkaure
  5800 | D:7      | Found an opulent altar of Gozag.
  5925 | D:7      | Killed Dowan
  5931 | D:7      | Killed Duvessa
  5932 | D:7      | Reached skill level 5 in Fighting
  6095 | D:8      | Reached XP level 10. HP: 68/98 MP: 9/9
  6129 | D:8      | Noticed Amaemon
  6129 | D:8      | Noticed an orange demon
  6140 | D:8      | Killed Amaemon
  6142 | D:8      | Killed an orange demon
  6221 | D:8      | Noticed a two-headed ogre
  6227 | D:8      | Killed a two-headed ogre
  6264 | D:8      | Noticed Maggie
  6277 | D:8      | Killed Maggie
  6339 | D:8      | Noticed Psyche
  6345 | D:8      | Killed Psyche
  6442 | D:8      | Noticed Erica
  6454 | D:8      | Killed Erica
  6902 | D:9      | Noticed Pikel
  7002 | D:9      | You fall into a shaft and drop 2 floors!
  7002 | D:11     | Found a gate leading to a gauntlet.
  7010 | Gauntlet | Entered a Gauntlet
  7010 | Gauntlet | Noticed a tengu warrior
  7010 | Gauntlet | Noticed a cacodemon
  7010 | Gauntlet | Found a transporter.
  7010 | Gauntlet | Found a transporter.
  7010 | Gauntlet | Found a transporter.
  7014 | Gauntlet | Found a transporter.
  7015 | Gauntlet | Found a transporter.
  7027 | Gauntlet | Found a transporter.
  7031 | Gauntlet | Noticed a gargoyle
  7035 | Gauntlet | Found a transporter.
  7037 | Gauntlet | Noticed a necromancer
  7037 | Gauntlet | Noticed a gargoyle
  7039 | Gauntlet | Found a transporter.
  7039 | Gauntlet | Noticed a catoblepas
  7149 | Gauntlet | Found a transporter.
  7164 | Gauntlet | Found a transporter.
  7168 | Gauntlet | Found the ring of the Hare {EV+10}
  7170 | Gauntlet | Found a transporter.
  7170 | Gauntlet | Noticed an oklob plant
  7188 | Gauntlet | Found a transporter.
  7198 | Gauntlet | Noticed a quicksilver ooze
  7256 | Gauntlet | Killed a tengu warrior
  7261 | Gauntlet | Reached XP level 11. HP: 117/117 MP: 10/10
  7305 | Gauntlet | Reached skill level 10 in Fighting
  7355 | Gauntlet | Killed a necromancer
  7441 | Gauntlet | Killed an oklob plant
  7507 | Gauntlet | Noticed a minotaur
  7515 | Gauntlet | Killed a minotaur
  7548 | Gauntlet | Identified the staff of fire "Popheegoz" {rF+ Str+6}
  7562 | D:11     | Found a broken altar of Ashenzari.
  7572 | D:10     | Entered Level 10 of the Dungeon
  7659 | D:10     | Found a stormy altar of Qazlal.
  7659 | D:10     | Found a broken altar of Ashenzari.
  7691 | D:10     | Found a staircase to the Lair.
  7700 | D:10     | Reached skill level 1 in Armour
  8254 | D:10     | Found Welot's Book Boutique.
  8609 | D:9      | Reached skill level 5 in Armour
  8651 | D:9      | Found Faurituq's Book Shop.
  8653 | D:9      | Noticed a sixfirhy
  8658 | D:9      | Noticed a sun demon
  8660 | D:9      | Noticed a sun demon
  8718 | Lair:1   | Entered Level 1 of the Lair of Beasts
  9106 | Lair:1   | Reached *** piety under Trog
  9110 | Lair:1   | Reached XP level 12. HP: 123/130 MP: 11/11
  9815 | Lair:2   | Identified the +6 trident "Meiczuq" {protect, rElec Str+3}
  9938 | Lair:2   | Found a staircase to the Snake Pit.
  9953 | Lair:2   | Reached **** piety under Trog
 10160 | Lair:2   | Reached skill level 10 in Armour
 10500 | Lair:3   | Found a staircase to the Swamp.
 10719 | Lair:3   | Noticed a catoblepas
 10725 | Lair:3   | Killed a catoblepas
 10749 | Lair:3   | Identified the +4 dagger "Arcanum" {antimagic, rF+}
 10822 | Lair:3   | Noticed Nergalle
 10835 | Lair:3   | Killed Nergalle
 10835 | Lair:3   | Reached ***** piety under Trog
 10836 | Lair:3   | Reached XP level 13. HP: 137/137 MP: 12/12
 11446 | Lair:4   | Noticed Rupert
 11461 | Lair:4   | Killed Rupert
 11462 | Lair:4   | Reached skill level 5 in Dodging
 11483 | Lair:4   | Noticed Nessos
 11495 | Lair:3   | HP: 5/137 [eight-headed hydra (7)]
 11499 | Lair:3   | Mangled by an eight-headed hydra

Illustrated notes

Levels and vault maps discovered:
D:1:      scummos_arrival_star, layout_rooms
D:2:      layout_loops_ring, hellmonk_ecumenical_altar_lost_god, minivault_23,
          uniq_jessica, uniq_crazy_yiuf_cottage, uniq_natasha
D:3:      layout_loops_ring, mainiacjoe_overflow_concentric_impassable,
          nicolae_overflow_hidden_temple, grunt_ministairs_13,
          minmay_misc_feat_diagonals, uniq_pargi
D:4:      layout_cave_pools, ebering_ghost_sewer_f, hangedman_feature_mirror,
          minivault_24, minivault_19
D:5:      layout_gridville, serial_shops, shop, serial_park_tiny_1,
          grunt_ministairs_2
D:6:      layout_basic, mainiacjoe_overflow_six_doors_small, zin_statuary,
          uniq_prince_ribbit1, uniq_sigmund
D:7:      layout_cave_pools, nicolae_overflow_quartered_altars,
          minmay_temple_entry_nine_rooms, eino_jars, uniq_menkaure, uniq_duvessa
D:8:      layout_loops_ring, st_stairs_12, uniq_erica, uniq_maggie, uniq_psyche,
          uniq_amaemon
D:9:      layout_irregular_city, erik_orc_1, serial_shops, shop, uniq_pikel
D:10:     layout_basic, gammafunk_temple_overflow_elements,
          hellmonk_lair_entry_icy, serial_shops, shop
D:11:     layout_cave_pools, gauntlet_entry_generic, ashenzari_altar_1,
          uniq_josephine
Temple:   minmay_temple_bridge_abc
Lair:1:   layout_misc_corridors, serial_bayou_pond_e, serial_bayou_shore_b
Lair:2:   layout_small_grid, minmay_snake_entry_guardpost_small,
          serial_bayou_pond_b, guppyfry_lair_drakes
Lair:3:   layout_regular_city, minmay_swamp_entry_swarm, ice2_lemuel,
          uniq_nergalle
Lair:4:   layout_roguey, slime_entry_1, grunt_megastairs_4, lemuel_fruit_fields,
          uniq_rupert, uniq_nessos

Skill      XL: |  1  2  3  4  5  6  7  8  9 10 11 12 13 |
---------------+----------------------------------------+-----
Unarmed Combat | 4 5 7 8 9 12 13 | 13.1
Fighting       | 5 9 11 | 11.0
Armour         | 6 11 | 11.0
Dodging        | 3 5 |  5.5

Action                     |  1- 3 |  4- 6 |  7- 9 | 10-12 | 13-15 || total
---------------------------+-------+-------+-------+-------+-------++-------
  Melee: Unarmed           |    75 |    89 |   243 |   485 |    56 ||   948
 Invoke: Berserk           |       |       |     1 |     7 |     1 ||     9
         Trog's Hand       |       |       |       |     3 |     1 ||     4
  Evoke: Wand              |       |       |       |       |     1 ||     1
    Use: Scroll            |       |       |    13 |     8 |     1 ||    22
         Potion            |       |       |     4 |     3 |     3 ||    10
 Armour: Robe              |    33 |    29 |    86 |    10 |       ||   158
         Steam dragon scal |       |       |       |    14 |       ||    14
         Troll leather arm |       |       |       |   123 |    30 ||   153
  Dodge: Dodged            |    32 |    41 |   123 |   446 |    83 ||   725
